 Dungeon Crawl Stone Soup version 0.29.1-13-g9f3cf754e1 (webtiles) character file.

Game seed: 8107192906828710495

82 cheesebisquit the Shooter (level 4, -4/38 HPs)
             Began as a Minotaur Hunter on Jan 29, 2023.
             Slain by Grinder (6 damage)
             ... on level 3 of the Dungeon.
             The game lasted 00:05:13 (1742 turns).

cheesebisquit the Shooter (Minotaur Hunter)         Turns: 1742, Time: 00:05:14

Health: -4/38      AC:  6    Str: 15    XL:     4   Next: 21%
Magic:  3/3        EV: 10    Int:  6    God:
Gold:   72         SH:  0    Dex: 22    Spells: 3/3 levels left

rFire   . . .      SeeInvis .   a - +0 shortbow
rCold   . . .      Faith    .   (shield currently unavailable)
rNeg    . . .      Spirit   .   i - +0 scale mail
rPois   .          Reflect  .   (helmet restricted)
rElec   .          Harm     .   (no cloak)
rCorr   .          Rampage  .   (no gloves)
Will    .....                   (no boots)
Stlth   +.........              (no amulet)
HPRegen 0.12/turn               j - +6 ring of dexterity
MPRegen 0.08/turn               (no ring)

@: no status effects
A: horns 2, retaliatory headbutt
a: no special abilities


You were on level 3 of the Dungeon.
You visited 1 branch of the dungeon, and saw 3 of its levels.

You collected 72 gold pieces.

Inventory:

Hand Weapons
 a - a +0 shortbow (weapon)
Armour
 c - a +0 leather armour
 i - a +0 scale mail (worn)
Jewellery
 j - a +6 ring of dexterity (left hand)
Scrolls
 b - 2 scrolls of immolation
 d - a scroll of brand weapon {unknown}
 e - a scroll of identify {unknown}
 l - 2 scrolls of blinking {unknown}
Potions
 f - a potion of curing {unknown}
 g - 2 potions of haste {unknown}
 h - a potion of brilliance {unknown}
 k - a potion of resistance {unknown}
 m - a potion of heal wounds {unknown}


   Skills:
 - Level 3.0 Fighting
 * Level 5.4 Ranged Weapons
 + Level 1.8 Armour
 - Level 2.7 Dodging
 - Level 0.7 Stealth


You had 3 spell levels left.
You didn't know any spells.
Your spell library was empty.

Dungeon Overview and Level Annotations

Branches:
Dungeon (3/15)

Altars:
Xom

Shops:
D:1 *   D:2 (

Annotations:
D:3 Grinder


Innate Abilities, Weirdness & Mutations

You have a pair of horns on your head.
You reflexively headbutt those who attack you in melee.


Message History

You are too injured to fight recklessly!
You are too injured to fight recklessly!
You are too injured to fight recklessly!
You are too injured to fight recklessly!
You are too injured to fight recklessly!
You are too injured to fight recklessly!
You are too injured to fight recklessly!
You are too injured to fight recklessly!
You are too injured to fight recklessly!
You are too injured to fight recklessly!
You are too injured to fight recklessly!
You are too injured to fight recklessly!
You are too injured to fight recklessly!
Fire: a) +0 shortbow
Press: ? - help, Q - select action Shift-Dir - straight line, f/p - Grinder
Aim: Grinder (almost dead, 63% to hit)
You shoot an arrow. The arrow closely misses Grinder.
Fire: a) +0 shortbow
Press: ? - help, Q - select action Shift-Dir - straight line, f/p - Grinder
Aim: Grinder (almost dead, 63% to hit)
You shoot an arrow. The arrow barely misses Grinder.
Grinder gestures at you. Pain shoots through your body!
* * * LOW HITPOINT WARNING * * *
Grinder blinks!
Okay, then.
Fire: a) +0 shortbow
Press: ? - help, Q - select action Shift-Dir - straight line, f/p - Grinder
Aim: Grinder (almost dead, 63% to hit)
You shoot an arrow. The arrow closely misses Grinder.
Fire: a) +0 shortbow
Press: ? - help, Q - select action Shift-Dir - straight line, f/p - Grinder
Aim: Grinder (almost dead, 63% to hit)
You shoot an arrow.
The arrow hits Grinder but does no damage.
Grinder is almost dead.
Grinder hits you!
* * * LOW HITPOINT WARNING * * *
You writhe in agony.
You die...

######.# #......#
#.####.# #.# #.# #.####.#
############....#.#
#..[............#.#
..####.###############.#
#......5@......).>).....#
##......#########.#######
#..##### ###.#
....≈≈..##. .. ###...#
≈.§≈≈...## #. ###...###
§8≈≈....# #.###...#####
.≈......# #..............
........# ##..###########
........# #.........#


You could see Grinder.

Vanquished Creatures
  2 adders (D:2)
  2 worms (D:2)
  4 bats
  2 endoplasms
  3 giant cockroaches
  5 goblins
  4 hobgoblins
  3 jackals (D:3)
  4 quokkas
  6 ball pythons
  2 frilled lizards
  13 kobolds
  2 rats
52 creatures vanquished.

Notes
Turn   | Place    | Note
-------+----------+-------------------------------------------
     0 | D:1      | cheesebisquit the Minotaur Hunter began the quest for the
                  | Orb.
     0 | D:1      | Reached XP level 1. HP: 18/18 MP: 0/0
    89 | D:1      | Reached XP level 2. HP: 21/25 MP: 1/1
   161 | D:1      | Found Xukkynuh's Assorted Antiques.
   246 | D:1      | Reached skill level 1 in Armour
   445 | D:1      | Reached XP level 3. HP: 30/30 MP: 2/2
   580 | D:2      | Found Erinan's Weapon Shop.
   629 | D:2      | Reached skill level 5 in Ranged Weapons
  1082 | D:2      | Found a faded altar of an unknown god.
  1218 | D:2      | Reached XP level 4. HP: 38/38 MP: 3/3
  1543 | D:3      | Found a shimmering altar of Xom.
  1724 | D:3      | Noticed Grinder
  1742 | D:3      | Slain by Grinder

Illustrated notes

Levels and vault maps discovered:
D:1:      minmay_arrival_shattered_statue, layout_rooms, serial_shops,
          nicolae_shop_statue_plus
D:2:      layout_basic, serial_shops, shop_fountains,
          hellmonk_ecumenical_altar_slurped_away
D:3:      layout_basic, xom_teletrap_fun, demons_altar, uniq_grinder

Skill      XL: |  1  2  3 |
---------------+----------+-----
Armour         | 1 |  1.8
Fighting       | 3 |  3.0
Ranged Weapons | 5 |  5.4
Dodging        | |  2.7
Stealth        | |  0.7

Action                   |  1- 3 |  4- 6 || total
-------------------------+-------+-------++-------
 Fire: Shortbow          |   104 |    41 ||   145
Armor: Leather armour    |    15 |       ||    15
       Scale mail        |     1 |     4 ||     5
Dodge: Dodged            |    33 |    10 ||    43
